 Dungeon Crawl Stone Soup version 0.16.1-11-g651b585 (webtiles) character file.

8612 karlm the Destroyer (level 11, -5/97 HPs)
             Began as a Naga Wizard on Apr 6, 2015.
             Was an Elder of Vehumet.
             Slain by BLOAX's ghost (25 damage)
             ... on level 2 of the Lair of Beasts.
             The game lasted 01:16:12 (16319 turns).

karlm the Destroyer (Naga Wizard)                  Turns: 16319, Time: 01:16:12

Health: -5/97      AC:  9    Str:  9    XL:     11   Next: 33%
Magic:  5/34       EV: 11    Int: 22    God:    Vehumet [****..]
Gold:   521        SH:  6    Dex: 10    Spells: 8 memorised, 6 levels left

rFire  . . .     SeeInvis +     y - +2 spear (elec) (curse)
rCold  . . .     Clarity  .     A - +1 robe
rNeg   + . .     SustAb   .     c - +2 buckler
rPois  +         Gourm    .     E - +0 helmet
rElec  .         Spirit   .     C - +0 cloak
rCorr  .         Warding  +     H - +1 pair of gloves
rMut   .         Stasis   .     (no barding)
MR     ++...                    b - amulet of warding
Stlth  ++........               o - ring of magical power
                                N - ring of protection from magic

@: very slow, very resistant to hostile enchantments, unstealthy
A: spit poison, see invisible, deformed body, poison resistance, slowness 2, AC
+3
a: Spit Poison, Renounce Religion


You were on level 2 of the Lair of Beasts.
You worshipped Vehumet.
Vehumet was greatly pleased with you.
You were not hungry.

You visited 3 branches of the dungeon, and saw 12 of its levels.

You collected 686 gold pieces.
You spent 165 gold pieces at shops.

Inventory:

Hand weapons
 y - a cursed +2 spear of electrocution (weapon)
Missiles
 d - 3 curare-tipped needles
 f - 4 javelins (quivered)
 j - 318 stones
 u - 3 tomahawks
 x - a throwing net
Armour
 c - a +2 buckler (worn)
 A - a +1 robe (worn)
 C - a +0 cloak (worn)
 E - a +0 helmet (worn)
 H - a +1 pair of gloves (worn)
Jewellery
 b - an amulet of warding (around neck)
 m - an uncursed ring of flight
 o - a ring of magical power (right hand)
 B - an uncursed ring of teleportation
 N - a ring of protection from magic (left hand)
 X - an uncursed ring of ice
Magical devices
 s - a wand of enslavement (7)
 K - a wand of fire (9)
 M - a wand of random effects (23)
Scrolls
 h - 2 scrolls of remove curse
 q - a scroll of noise {unknown}
 v - a scroll of enchant weapon {unknown}
 w - a scroll of recharging {unknown}
 G - a scroll of teleportation
Potions
 a - a potion of degeneration {unknown}
 e - 3 potions of heal wounds {unknown}
 g - 2 potions of magic {unknown}
 k - a potion of ambrosia {unknown}
 l - a potion of haste
 n - 4 potions of curing
 p - a potion of agility {unknown}
 r - a potion of cure mutation {unknown}
 t - a potion of mutation {unknown}
 D - a potion of berserk rage {unknown}
 J - a potion of restore abilities {unknown}
 L - a potion of flight {unknown}
 O - a potion of might {unknown}
 R - a potion of beneficial mutation {unknown}
 W - a potion of poison {unknown}
 Z - a potion of invisibility {unknown}
Comestibles
 i - 12 chunks of flesh
 z - 5 beef jerkies


   Skills:
 + Level 6.0 Fighting
 + Level 5.2 Dodging
 - Level 3.0 Stealth
 + Level 1.9 Shields
 + Level 6.9 Spellcasting
 * Level 9.4 Conjurations
 - Level 1.0 Summonings
 - Level 3.0 Translocations
 * Level 8.7 Fire Magic


You had 6 spell levels left.
You knew the following spells:

 Your Spells              Type           Power        Failure   Level  Hunger
a - Magic Dart            Conj           ####         1%          1    None
b - Call Imp              Summ           ##......     12%         2    None
c - Blink                 Tloc           N/A          4%          2    None
d - Conjure Flame         Conj/Fire      #####...     1%          3    None
e - Mephitic Cloud        Conj/Pois/Air  ###.....     2%          3    None
f - Repel Missiles        Chrm/Air       #.....       14%         2    None
g - Flame Tongue          Conj/Fire      #####        1%          1    None
h - Stone Arrow           Conj/Erth      ####..       1%          3    None


Dungeon Overview and Level Annotations

Branches:
Dungeon (9/15)             Temple (1/1) D:4            Lair (2/8) D:8
    Orc: D:9-12

Altars:
Cheibriados
Dithmenos
Elyvilon
Fedhas
Gozag
Kikubaaqudgha
Makhleb
Nemelex Xobeh
Okawaru
Qazlal
Ru
Sif Muna
Trog
Vehumet
Xom
Yredelemnul
Zin
The Shining One

Shops:
D:5 =

Annotations:
D:7 exclusion: oklob plant
Lair:1 exclusion: oklob plant
Lair:2 BLOAX's ghost, experienced MiTm


Innate Abilities, Weirdness & Mutations

You cannot wear boots.
You can spit poison.
Your serpentine skin is tough (AC +3).
You have supernaturally acute eyesight.
Armour fits poorly on your strangely shaped body.
Your system is resistant to poisons.
You cover ground very slowly.


Message History

BLOAX's ghost is engulfed in roaring flames.
BLOAX's ghost hits you!
* * * LOW HITPOINT WARNING * * *
Casting: Flame Tongue
Confirm with . or Enter, or press ? or * to list all spells.
Aiming: Flame Tongue
Press: ? - help, Shift-Dir - straight line, f/p - BLOAX's ghost
Aim: BLOAX's ghost (flame, severely damaged)
The flame tongue hits BLOAX's ghost.
BLOAX's ghost appears unharmed.
BLOAX's ghost is severely damaged.
BLOAX's ghost is engulfed in roaring flames.
BLOAX's ghost hits you!
* * * LOW HITPOINT WARNING * * *
Casting: Flame Tongue
Confirm with . or Enter, or press ? or * to list all spells.
Aiming: Flame Tongue
Press: ? - help, Shift-Dir - straight line, f/p - BLOAX's ghost
Aim: BLOAX's ghost (flame, severely damaged)
The flame tongue misses BLOAX's ghost.
BLOAX's ghost hits you!!
You die...

# ############# #P###.#.P##.#.#..
..................
..................
#+.........##.#..##
#.####.....##....#P
##.####.....#.....## ...P
+..@.##......#....##
#....P##..W.$+.....##....##
##..........###.....###.#..#
P....##P.#'# #.....#P).#..#
##.....####.###.............
.####.....#.#.#..#..............
................................
.................................
.W...............................


You could see BLOAX's ghost.

Vanquished Creatures
  A hydra (Lair:1)
  Erica (Lair:1)
  A black mamba (Lair:1)
  A centaur skeleton (D:8)
  A fire drake (Lair:2)
  A deep elf priest (D:8)
  2 komodo dragons
  12 yaks
  Edmund (D:8)
  3 water moccasins (Lair:1)
  An ice beast (D:6)
  5 porcupines
  7 ogres
  A sky beast (D:8)
  2 centaurs (D:8)
  4 crocodiles (Lair:1)
  Blork the orc (D:6)
  4 giant frogs
  3 scorpions
  4 wights (D:8)
  2 crimson imps
  2 hounds
  A gnoll shaman (D:4)
  3 giant frog skeletons
  An orc wizard (D:4)
  2 iguanas
  A killer bee zombie (D:6)
  4 worker ants
  3 sheep (Lair:1)
  4 gnolls
  15 river rats (Lair:1)
  15 adders
  A shadow imp (D:5)
  13 white imps
  A worm (D:2)
  3 adder skeletons
  An adder zombie (D:7)
  4 giant geckos
  11 orcs
  12 bats
  8 hobgoblins
  4 jackals
  8 quokkas
  A ball python skeleton (D:4)
  6 giant cockroaches
  A giant cockroach zombie (D:6)
  7 giant newts
  12 goblins
  11 kobolds
  12 rats
  2 fungi (D:8)
227 creatures vanquished.

Vanquished Creatures (collateral kills)
  A komodo dragon (Lair:1)
  A basilisk (Lair:1)
  A yak (Lair:1)
  An ice beast (D:6)
  A phantom (D:8)
  A giant frog (D:7)
  A scorpion (D:4)
  3 crimson imps
  2 hounds
  A giant frog skeleton (D:4)
  An orc wizard (D:4)
  2 worker ants
  An iguana (D:6)
  3 sheep (Lair:1)
  A mummy (Lair:1)
  4 adders
  4 gnolls
  4 river rats (Lair:1)
  2 worms (D:3)
  An adder skeleton (D:5)
  An adder zombie (D:8)
  3 giant geckos
  An ooze (D:1)
  4 orcs
  2 ball pythons (D:1)
  2 giant cockroaches
  3 hobgoblins
  A kobold (D:3)
  A bat (D:6)
  2 giant newts (D:3)
  2 goblins
  6 jackals
  A rat (D:3)
65 creatures vanquished.

Vanquished Creatures (others)
  17 crimson imps
  2 iron imps
  3 shadow imps
  6 white imps
  3 fungi (Lair:1)
  A plant (Lair:1)
32 creatures vanquished.

Grand Total: 324 creatures vanquished

Notes
Turn   | Place    | Note
--------------------------------------------------------------
     0 | D:1      | karlm, the Naga Wizard, began the quest for the Orb.
     0 | D:1      | Reached XP level 1. HP: 15/15 MP: 4/4
   237 | D:1      | Reached XP level 2. HP: 22/22 MP: 6/6
   244 | D:1      | Learned a level 2 spell: Call Imp
   247 | D:1      | Learned a level 2 spell: Blink
  1332 | D:2      | Reached XP level 3. HP: 28/28 MP: 5/7
  1337 | D:2      | Learned a level 3 spell: Conjure Flame
  1866 | D:2      | Reached XP level 4. HP: 12/36 MP: 1/9
  2965 | D:3      | Found an iron altar of Okawaru.
  3048 | D:3      | Reached XP level 5. HP: 36/42 MP: 9/12
  3057 | D:3      | Learned a level 3 spell: Mephitic Cloud
  3858 | D:4      | Noticed an ogre
  3876 | D:4      | Noticed an ogre
  3888 | D:4      | Killed an ogre
  3888 | D:4      | Reached skill level 1 in Fighting
  3888 | D:4      | Reached skill level 4 in Spellcasting
  3888 | D:4      | Reached skill level 1 in Fire Magic
  4134 | D:4      | Reached XP level 6. HP: 40/51 MP: 5/15
  4267 | D:4      | Found a snail-covered altar of Cheibriados.
  4274 | D:4      | Found a staircase to the Ecumenical Temple.
  4282 | Temple   | Entered the Ecumenical Temple
  4507 | Temple   | Became a worshipper of Vehumet
  4895 | D:4      | Killed an ogre
  5189 | D:4      | Reached XP level 7. HP: 60/60 MP: 2/17
  5661 | D:4      | Acquired Vehumet's first power
  5661 | D:4      | Offered knowledge of Flame Tongue by Vehumet.
  5666 | D:4      | Learned a level 2 spell: Repel Missiles
  5668 | D:4      | Learned a level 1 spell: Flame Tongue
  6357 | D:5      | Entered Level 5 of the Dungeon
  6528 | D:5      | Found Tweism's Jewellery Shoppe.
  6725 | D:5      | Reached skill level 5 in Conjurations
  7012 | D:5      | Bought an uncursed amulet of warding for 165 gold pieces
  7345 | D:6      | Reached XP level 8. HP: 68/68 MP: 16/19
  7967 | D:6      | Offered knowledge of Freeze by Vehumet.
  7994 | D:6      | Found a deep blue altar of Sif Muna.
  8674 | D:6      | Reached skill level 5 in Spellcasting
  8799 | D:6      | Noticed Blork the orc
  8805 | D:6      | Killed Blork the orc
  9805 | D:7      | Found a blossoming altar of Fedhas.
  9828 | D:7      | Noticed an oklob plant
 10241 | D:7      | Reached skill level 6 in Conjurations
 10454 | D:8      | Found a white marble altar of Elyvilon.
 10516 | D:8      | Reached skill level 5 in Fire Magic
 10690 | D:8      | Found a staircase to the Lair.
 10699 | D:8      | Noticed a centaur skeleton
 10711 | D:8      | Killed a centaur skeleton
 10711 | D:8      | Reached XP level 9. HP: 66/76 MP: 21/21
 10744 | D:8      | Noticed Edmund
 10882 | D:8      | Found a white marble altar of Elyvilon.
 10882 | D:8      | Noticed a deep elf priest
 10925 | D:8      | Killed a deep elf priest
 10925 | D:8      | Offered knowledge of Stone Arrow by Vehumet.
 10933 | D:8      | Learned a level 3 spell: Stone Arrow
 11568 | D:8      | Acquired Vehumet's second power
 11683 | D:8      | Reached skill level 7 in Conjurations
 11705 | D:8      | Killed Edmund
 12305 | D:9      | Found a burning altar of Makhleb.
 12380 | Lair:1   | Entered Level 1 of the Lair of Beasts
 12770 | Lair:1   | Noticed Erica
 12801 | Lair:1   | Reached XP level 10. HP: 61/87 MP: 24/24
 13037 | Lair:1   | Offered knowledge of Olgreb's Toxic Radiance by Vehumet.
 13183 | Lair:1   | Killed Erica
 13183 | Lair:1   | Reached skill level 5 in Fighting
 13183 | Lair:1   | Reached skill level 8 in Conjurations
 13458 | Lair:1   | Noticed a seven-headed hydra
 13536 | Lair:1   | Found an iron altar of Okawaru.
 13536 | Lair:1   | Noticed an oklob plant
 14000 | Lair:1   | Noticed a komodo dragon
 14006 | Lair:1   | Killed a komodo dragon
 14011 | Lair:1   | Acquired Vehumet's third power
 14026 | Lair:1   | Offered knowledge of Lee's Rapid Deconstruction by Vehumet.
 14077 | Lair:1   | Noticed a komodo dragon
 14090 | Lair:1   | Killed a komodo dragon
 14291 | Lair:1   | Killed a seven-headed hydra
 14291 | Lair:1   | Reached skill level 1 in Shields
 14892 | Lair:2   | Found a frozen archway.
 14894 | Lair:2   | Noticed a black mamba
 14908 | Lair:1   | Killed a black mamba
 14908 | Lair:1   | Reached skill level 9 in Conjurations
 14908 | Lair:1   | Reached XP level 11. HP: 16/96 MP: 16/25
 15602 | Lair:2   | Reached skill level 5 in Dodging
 16232 | Lair:2   | Noticed BLOAX's ghost (experienced MiTm)
 16319 | Lair:2   | Slain by BLOAX's ghost

Action                   |  1- 3 |  4- 6 |  7- 9 | 10-12 || total
-------------------------+-------+-------+-------+-------++-------
Melee: Short sword       |     4 |    25 |       |       ||    29
       Spear             |       |       |   223 |    20 ||   243
Throw: Javelin           |    14 |       |    13 |       ||    27
       Stone             |       |       |    62 |       ||    62
 Cast: Magic Dart        |    33 |    78 |   194 |    92 ||   397
       Call Imp          |    16 |    50 |    97 |    36 ||   199
       Conjure Flame     |     1 |    13 |    50 |    22 ||    86
       Mephitic Cloud    |       |     1 |     7 |    21 ||    29
       Flame Tongue      |       |       |    33 |   154 ||   187
       Repel Missiles    |       |       |     1 |       ||     1
       Stone Arrow       |       |       |       |     5 ||     5
       Blink             |       |       |       |     2 ||     2
 Abil: Spit Poison       |    12 |    17 |     5 |       ||    34
Evoke: Wand              |       |       |     2 |       ||     2
  Use: Scroll            |       |       |     2 |     7 ||     9
       Potion            |       |       |     1 |       ||     1
 Stab: Sleeping          |       |       |     1 |       ||     1
  Eat: Bread ration      |     1 |       |       |     1 ||     2
       Chunk             |       |    13 |    26 |     7 ||    46
       Fruit             |       |     1 |       |       ||     1
       Pizza             |       |       |       |     1 ||     1
